 Dungeon Crawl Stone Soup version 0.31-a0-1074-g0b22e4e0f1 (webtiles) character file.

Game seed: 10944636020250408107

5432 grandjackal the Covert (level 10, -1/68 HPs)
             Began as a Vampire Enchanter on Dec 2, 2023.
             Was a Believer of Dithmenos.
             Killed from afar by an acid dragon (21 damage)
             ... with a splash of acid
             ... on level 7 of the Dungeon.
             The game lasted 00:18:07 (7356 turns).

grandjackal the Covert (Vampire Enchanter)          Turns: 7356, Time: 00:18:08

Health: -1/68      AC:  7    Str:  7    XL:     10   Next: 40%
Magic:  6/15       EV: 11    Int: 21    God:    Dithmenos [**....]
Gold:   401        SH:  0    Dex: 16    Spells: 5/13 levels left

rFire   . . .        h - +1 dagger (venom)
rCold   . . .        (no shield)
rNeg    + . .        m - +1 leather armour {rN+}
rPois   .            w - +0 helmet
rElec   .            u - +0 cloak
rCorr   .            (no gloves)
SInv    +            l - +0 pair of boots
Will    +....        (no amulet)
Stlth   +++++        (no ring)
HPRegen 0.51/turn    (no ring)
MPRegen 0.14/turn

%: no passive effects
@: healing quickly, wreathed by umbra
A: alive, fangs 3, see invisible, vampiric 2
a: Exsanguinate, Renounce Religion, Shadow Step


You were on level 7 of the Dungeon.
You worshipped Dithmenos.
Dithmenos was pleased with you.
You visited 2 branches of the dungeon, and saw 8 of its levels.
You also visited: Sewer.

You collected 401 gold pieces.

Inventory:

Hand Weapons
 h - a +1 dagger of venom (weapon)
 q - a +1 rapier of speed
 y - a +2 short sword of electrocution
Missiles
 r - a throwing net (quivered)
Armour
 l - a +0 pair of boots (worn)
 m - a +1 leather armour of positive energy (worn)
 u - a +0 cloak (worn)
 w - a +0 helmet (worn)
 A - +0 steam dragon scales
Jewellery
 B - a ring of protection from cold
Wands
 f - a wand of mindburst (4)
Scrolls
 d - a scroll of amnesia
 e - 3 scrolls of teleportation {unknown}
 g - a scroll of acquirement {unknown}
 i - a scroll of torment {unknown}
 v - 2 scrolls of brand weapon {unknown}
 x - a scroll of blinking {unknown}
 C - a scroll of enchant armour
 D - a scroll of poison {unknown}
Potions
 a - a potion of heal wounds
 b - a potion of might
 c - a potion of invisibility
 j - 3 potions of attraction
 k - 2 potions of haste
 n - 3 potions of enlightenment
 o - a potion of berserk rage
 p - a potion of lignification
 s - 2 potions of curing
 t - 2 potions of mutation
 z - 3 potions of brilliance


   Skills:
 + Level 2.5 Fighting
 + Level 10.0 Short Blades
 - Level 2.1 Dodging
 - Level 10.1 Stealth
 - Level 2.0 Spellcasting
 - Level 10.0 Hexes
 - Level 4.3 Ice Magic
 + Level 6.8 Invocations


You had 5 spell levels left.
You knew the following spells:

 Your Spells              Type           Power      Damage    Failure   Level
a - Ensorcelled Hibernat  Hex/Ice        64%        N/A       1%          2
b - Confusing Touch       Hex            44%        N/A       1%          3
c - Tukima's Dance        Hex            44%        N/A       1%          3

Your spell library contained the following spells:

 Spells                   Type           Power      Damage    Failure   Level
 Dazzling Flash           Conj/Hex       46%        N/A       9%          3
 Summon Guardian Golem    Hex/Summ       23%        N/A       9%          3
 Blink                    Tloc           4%         N/A       32%         2
 Lesser Beckoning         Tloc           4%         N/A       32%         2
 Gell's Gravitas          Tloc           2%         N/A       54%         3
 Teleport Other           Tloc           2%         N/A       54%         3
 Animate Armour           Summ/Erth      4%         N/A       91%         4
 Manifold Assault         Tloc           2%         N/A       91%         4
 Summon Lightning Spire   Summ/Air       2%         N/A       91%         4
 Lee's Rapid Deconstruct  Erth           1%         3d4*      99%         5
 Dispersal                Tloc           1%         N/A       100%        6
 Orb of Destruction       Conj           1%         9d5       100%        7
 Spellforged Servitor     Conj/Summ      1%         N/A       100%        7


Dungeon Overview and Level Annotations

Branches:
Dungeon (7/15)             Temple (1/1) D:4           Sewer (visited)

Altars:
Ashenzari
Cheibriados
Dithmenos
Fedhas
Gozag
Hepliaklqana
Kikubaaqudgha
Makhleb
Nemelex Xobeh
Okawaru
Qazlal
Ru
Sif Muna
Trog
Uskayaw
Vehumet
Wu Jian
Xom
Yredelemnul

Shops:
D:2 [

Annotations:
D:4 3 runed translucent doors, BLEEG's ghost, amateur TeSu; bmb222's ghost, weakling DsDe; luckyleol's ghost, amateur DsGl
D:7 1 runed translucent door


Innate Abilities, Weirdness & Mutations

Your natural rate of healing is accelerated.
You have razor-sharp teeth.
You have supernaturally acute eyesight. (SInv)
You are afflicted with vampirism and can become a bat while bloodless.


Message History

Press: ? - help, Shift-Dir - straight line, f/p - slime creature
Aim: a slime creature (umbra, chance to affect: 44%)
The slime creature resists with some effort.
You feel sick.
The slime creature completely misses you.
Unknown command.
Casting: Ensorcelled Hibernation (safe; 1% risk of failure)
Confirm with . or Enter, or press ? or * to list all spells.
Aiming: Ensorcelled Hibernation (safe; 1% risk of failure)
Press: ? - help, Shift-Dir - straight line, f/p - slime creature
Aim: a slime creature (umbra, chance to affect: 44%)
The slime creature looks drowsy...
You feel sick.
Unknown command.
The helpless slime creature fails to defend itself.
You stick the slime creature like a pincushion!!!!
You kill the slime creature!
Dithmenos accepts your kill.
Your Short Blades skill increases to level 10!
You feel sick.
You hit the orc but do no damage.
The orc is poisoned.
Your bite misses the orc.
You feel sick.
You are no longer poisoned.
The orc hits you but does no damage.
You hit the orc but do no damage.
The orc looks even sicker.
The orc is lightly wounded.
You hit the orc.
The orc looks as sick as possible!
The orc is moderately wounded.
The orc hits you with a +0 club.
* * * LOW HITPOINT WARNING * * *
An acid dragon comes into view.
The acid dragon roars!
You hit the orc.
The orc is severely wounded.
Okay, then.
Okay, then.
You kill the orc!
Dithmenos accepts your kill. The acid dragon spits acid at you.
The splash of acid hits you!!
You die...

### ... ♣.♣ ###
♣.♣ #.. #
♣♣♣♣♣♣.♣♣♣♣♣♣
#.♣♣♣.#
♣......†....♣
#..D..#
♣...........♣
#@##'##
♣...#####'..♣ #.#
o# ♣..#.....#..♣
#.# .#
♣♣..#.....#..♣♣#.#
##
....#.....#......#
♣♣..#.....#..♣♣###
♣..#.....#..♣
♣..'#####'..♣
#########
♣.....†.....♣
###..##...##


You could see an acid dragon (catching breath).

Vanquished Creatures
  A cyclops (D:7)
  A manticore (D:7)
  An unseen horror (D:7)
  2 slime creatures (D:7)
  A steam dragon (D:7)
  Eustachio (D:6)
  A vampire mosquito (D:7)
  Menkaure (D:6)
  An acid dragon (D:7)
  A water moccasin (D:7)
  6 black bears
  An orc warrior (D:5)
  2 ice beasts (D:7)
  A sky beast (D:7)
  4 ogres
  A centaur (D:6)
  2 phantoms
  3 bullfrogs (D:7)
  4 scorpions
  4 wights (D:7)
  2 killer bees
  4 howler monkeys (D:7)
  7 jellies
  An orc priest (D:7)
  4 hounds
  Crazy Yiuf (D:6)
  6 iguanas
  Natasha (thrice) (D:4)
  5 orc wizards
  A hell rat (Sewer)
  3 gnolls (D:3)
  8 adders
  2 river rats (Sewer)
  3 shadow imps
  3 white imps
  6 ufetubi
  2 worms
  5 dart slugs
  21 orcs
  7 endoplasms
  4 giant cockroaches
  7 goblins
  3 hobgoblins
  4 jackals (D:3)
  3 quokkas
  10 ball pythons
  3 bats
  4 frilled lizards
  7 kobolds
  16 rats
194 creatures vanquished.

Vanquished Creatures (others)
  A dancing weapon (D:7)
1 creature vanquished.

Grand Total: 195 creatures vanquished

Notes
Turn   | Place    | Note
-------+----------+-------------------------------------------
     0 | D:1      | grandjackal the Vampire Enchanter began the quest for the
                  | Orb.
     0 | D:1      | Reached XP level 1. HP: 13/13 MP: 3/3
   125 | D:1      | Found a faded altar of an unknown god.
   166 | D:1      | Reached XP level 2. HP: 11/19 MP: 5/5
   186 | D:1      | Learned a level 2 spell: Ensorcelled Hibernation
   409 | D:1      | Reached skill level 5 in Stealth
   595 | D:2      | Reached skill level 5 in Hexes
   595 | D:2      | Gained mutation: You are afflicted with vampirism and can
                  | become a bat while bloodless. [Vampire growth]
   595 | D:2      | Reached XP level 3. HP: 24/24 MP: 6/6
   599 | D:2      | Learned a level 3 spell: Confusing Touch
   683 | D:2      | Noticed a phantom
   686 | D:2      | Found Fugrimyf's Antique Armour Shoppe.
   694 | D:2      | Killed a phantom
   695 | D:2      | Reached skill level 1 in Ice Magic
   695 | D:2      | Reached XP level 4. HP: 30/30 MP: 3/7
   913 | D:2      | HP: 1/30 [poisoned by a kobold]
  1596 | D:3      | Found a glowing drain.
  1609 | Sewer    | Entered a sewer
  1630 | Sewer    | Reached XP level 5. HP: 30/35 MP: 8/8
  2321 | D:3      | Reached XP level 6. HP: 33/41 MP: 6/9
  2468 | D:4      | Learned a level 3 spell: Tukima's Dance
  2682 | D:4      | Reached XP level 7. HP: 21/46 MP: 2/10
  2891 | D:4      | You fall into a shaft and drop 1 floor!
  2891 | D:5      | Entered Level 5 of the Dungeon
  3046 | D:5      | Reached skill level 5 in Short Blades
  3218 | D:4      | Noticed Natasha
  3284 | D:4      | Found a staircase to the Ecumenical Temple.
  3295 | D:4      | Killed Natasha
  3306 | D:4      | Found a runed translucent gate.
  3316 | D:4      | Found a runed translucent gate.
  3317 | D:4      | Found a runed translucent gate.
  3318 | D:4      | Noticed BLEEG's ghost (amateur TeSu)
  3318 | D:4      | Noticed bmb222's ghost (weakling DsDe)
  3319 | D:4      | Noticed luckyleol's ghost (amateur DsGl)
  3347 | Temple   | Entered the Ecumenical Temple
  3399 | Temple   | Became a worshipper of Dithmenos the Shadowed
  3546 | D:4      | Noticed Natasha
  3552 | D:4      | Killed Natasha
  3617 | D:4      | Noticed Natasha
  3632 | D:4      | Killed Natasha
  3867 | D:5      | Found a snail-covered altar of Cheibriados.
  3919 | D:5      | Reached skill level 1 in Invocations
  3932 | D:5      | Reached XP level 8. HP: 36/52 MP: 2/11
  4295 | D:5      | Reached * piety under Dithmenos
  4938 | D:6      | Reached skill level 10 in Hexes
  5008 | D:6      | Noticed Eustachio
  5013 | D:6      | Killed Eustachio
  5090 | D:6      | Reached XP level 9. HP: 54/57 MP: 5/12
  5245 | D:6      | Noticed Menkaure
  5259 | D:6      | HP: 1/57 [Menkaure (10)]
  5266 | D:6      | Killed Menkaure
  5829 | D:6      | Found an iron altar of Okawaru.
  5936 | D:6      | Found a runed translucent door.
  5937 | D:6      | Noticed Crazy Yiuf
  5994 | D:6      | Killed Crazy Yiuf
  6009 | D:6      | Identified the +1 hammer "Kaocs" {freeze, Fragile rF- rCorr
                  | Dex+9}
  6222 | D:7      | Reached skill level 5 in Invocations
  6513 | D:7      | Noticed an unseen horror
  6513 | D:7      | Noticed a cyclops
  6610 | D:7      | Reached ** piety under Dithmenos
  6774 | D:7      | Found a runed translucent door.
  6970 | D:7      | Killed a cyclops
  6971 | D:7      | Reached skill level 10 in Stealth
  6971 | D:7      | Reached XP level 10. HP: 63/63 MP: 11/14
  7000 | D:7      | Reached skill level 1 in Fighting
  7162 | D:7      | Noticed a manticore
  7172 | D:7      | Killed a manticore
  7351 | D:7      | Reached skill level 10 in Short Blades
  7356 | D:7      | Killed from afar by an acid dragon

Illustrated notes

Levels and vault maps discovered:
D:1:      grunt_arrival_lava_bath, layout_basic,
          shapermc_ecumenical_altar_petra, minmay_distorted
D:2:      layout_loops_ring, serial_shops, shop
D:3:      minmay_chambers_of_threes, layout_basic, portal_sewer_entry_d
D:4:      layout_loops_ring, minmay_temple_entry_mist, gammafunk_ghost_cemetery,
          uniq_natasha
D:5:      layout_basic, marbit_many_paths, minmay_divided_ellipse
D:6:      nicolae_cairo_tiling, layout_basic, kennysheep_okawaru_gauntlet,
          chequers_serial_rivers_large_b, uniq_menkaure,
          uniq_crazy_yiuf_cottage, uniq_eustachio
D:7:      nzn_winding_woodlands_large [nzn_winding_woodlands_5x5_perimeter,
          nzn_winding_woodlands_5x15_eye, nzn_winding_woodlands_5x5_three,
          nzn_winding_woodlands_center_lodge,
          nzn_winding_woodlands_15x15_killbox,
          nzn_winding_woodlands_center_triple_pond,
          nzn_winding_woodlands_hourglass, nzn_winding_woodlands_5x15_cabin,
          nzn_winding_woodlands_5x5_open_star], layout_gridville,
          ebering_ghost_reflecting_pool, st_stairs_2
Temple:   mainiacjoe_temple_cubbyholes

Skill      XL: |  1  2  3  4  5  6  7  8  9 10 |
---------------+-------------------------------+-----
Stealth        | 5 6 10 | 10.1
Short Blades   | 2 3 4 5 7 9 10 | 10.0
Hexes          | 5 6 7 8 10 | 10.0
Ice Magic      | 1 2 3 4 |  4.3
Invocations    | 1 4 6 |  6.8
Fighting       | 2 |  2.5
Dodging        | |  2.1
Spellcasting   | |  2.0

Action                     |  1- 3 |  4- 6 |  7- 9 | 10-12 || total
---------------------------+-------+-------+-------+-------++-------
  Melee: Dagger            |    86 |   158 |   405 |    60 ||   709
         Bite              |    10 |    13 |    47 |    10 ||    80
         Punch             |       |     4 |     6 |     1 ||    11
   Cast: Ensorcelled Hiber |     1 |    19 |    30 |     8 ||    58
         Confusing Touch   |     1 |       |    12 |     3 ||    16
         Tukima's Dance    |       |       |     1 |       ||     1
    Use: Potion            |       |     1 |     2 |     1 ||     4
         Scroll            |       |       |    13 |       ||    13
   Stab: Sleeping          |    15 |    19 |    28 |     3 ||    65
         Confused          |     2 |       |    11 |     1 ||    14
         Invisible         |       |       |     1 |     2 ||     3
         Distracted        |       |       |     3 |     1 ||     4
 Armour: Robe              |    34 |    19 |       |       ||    53
         Leather armour    |       |    69 |   190 |    34 ||   293
  Dodge: Dodged            |    37 |    78 |   198 |    32 ||   345

Table legend: (Time is in decaauts)
 A = Elapsed time spent in this place.
 B = Non-inter-level travel time spent in this place.
 C = Inter-level travel time spent in this place.
 D = Time resting spent in this place.
 E = Time spent auto-exploring this place.
 F = Levels seen in this place.
 G = Mean time per level.
                   A        B        C        D        E       F      G
               +--------+--------+--------+--------+--------+-----+--------+
         Total |   7194 |   6988 |    206 |   1159 |   3655 |   9 |  799.3 |
       Dungeon |   6989 |   6807 |    182 |   1107 |   3655 |   7 |  998.4 |
        Temple |     76 |     52 |     24 |      0 |      0 |   1 |   76.0 |
         Sewer |    128 |    128 |      0 |     52 |      0 |   1 |  128.0 |
               +--------+--------+--------+--------+--------+-----+--------+

Top non-repeatable levels by time:
     D:5: 1346 daAuts
     D:6: 1263 daAuts
     D:7: 1107 daAuts
     D:4: 952 daAuts
     D:3: 948 daAuts
     D:2: 784 daAuts
     D:1: 587 daAuts
   Sewer: 128 daAuts
  Temple: 76 daAuts
